 Dungeon Crawl Stone Soup version 0.23.2-1-ga50397a (webtiles) character file.

Game seed: 8989760269338172174

86 VAZYLA the Digger (level 4, -5/26 HPs)
             Began as a Gargoyle Earth Elementalist on Apr 14, 2019.
             Slain by an ogre
             ... wielding a +0 giant club
              (18 damage)
             ... on level 4 of the Dungeon.
             The game lasted 00:07:42 (1871 turns).

VAZYLA the Digger (Gargoyle Earth Elementalist)     Turns: 1871, Time: 00:07:43

Health: -5/26      AC:  5    Str: 11    XL:     4   Next: 50%
Magic:  7/7        EV: 12    Int: 17    God:
Gold:   53         SH:  0    Dex: 10    Spells: 1/7 levels left

rFire    . . .     SeeInvis .   a - +0 dagger
rCold    . . .     Gourm    .   (no shield)
rNeg     + . .     Faith    .   c - +0 robe
rPois    ∞         Spirit   .   (no helmet)
rElec    +         Reflect  .   (no cloak)
rCorr    .         Harm     .   (no gloves)
MR       .....                  (no boots)
Stlth    ++........             (no amulet)
HPRegen  0.08/turn              (no ring)
MPRegen  0.10/turn              (no ring)

@: no status effects
A: negative energy resistance 1, electricity resistance, unbreathing,
petrification resistance, rot immunity, AC +3
a: no special abilities


You were on level 4 of the Dungeon.
You were very hungry.

You visited 1 branch of the dungeon, and saw 3 of its levels.

You collected 53 gold pieces.

Inventory:

Hand Weapons
 a - a +0 dagger (weapon)
Missiles
 b - 44 stones (quivered)
Armour
 c - a +0 robe (worn)
Jewellery
 k - an uncursed ring of protection from cold {unknown}
Scrolls
 e - a scroll of random uselessness {unknown}
 f - a scroll of magic mapping {unknown}
 g - a scroll of fog {unknown}
 h - a scroll of amnesia {unknown}
 j - a scroll of teleportation {unknown}
Potions
 i - a potion of flight {unknown}
Comestibles
 d - 2 rations


   Skills:
 + Level 1.7 Fighting
 - Level 1.5 Dodging
 * Level 3.5 Stealth
 + Level 2.4 Spellcasting
 - Level 0.7 Transmutations
 * Level 4.6 Earth Magic


You had one spell level left.
You knew the following spells:

 Your Spells              Type           Power        Failure   Level  Hunger
a - Sandblast             Erth           ###...       2%          1    #......
b - Passwall              Tmut/Erth      ##......     10%         2    ##.....
c - Stone Arrow           Conj/Erth      #.....       22%         3    ###....

Your spell library contained the following spells:

 Spells                   Type           Power        Failure   Level  Hunger
 Petrify                  Tmut/Erth      ##......     52%         4    #####..
 Lee's Rapid Deconstruct  Erth           ###.......   58%         5    ######.


Dungeon Overview and Level Annotations

Branches:
Dungeon (2/15)

Altars:
Nemelex Xobeh

Portals:
Sewer: D:4

Annotations:
D:4 Ijyb


Innate Abilities, Weirdness & Mutations

You are resistant to torment.
Your stone body is resilient. (AC +3)
You are immune to poison.
You resist negative energy. (rN+)
You are resistant to electric shocks. (rElec)
You can survive without breathing.
You are immune to petrification.
You are immune to rotting.


Message History

The hound closely misses you. The hound closely misses you.
The hound barely misses you.
The hound pauses to sniff the ground.
The hound closely misses you.
Found a gluggy blue potion.
The hound bites you. The hound closely misses you.
You hear the slow rusting of a drain nearby.
The quokka closely misses you. The hound bites you but does no damage.
The quokka closely misses you. The hound closely misses you.
The hound bites you but does no damage.
Ijyb screams, "It's all mine!"
The hound bites you.
Ijyb screams, "Me very upset!"
The hound misses you.
The ogre hits you with a +0 giant club!!
Ouch! That really hurt!
You die...

#..##.. ##.# ###..#$..
###.. #......#. #....
#.#..###. #.... #.#......
#...# #........ #...#
####.#### #...# #.# .#
#..@# #.#
..#####.hO###########.###.
.!.....$..r.g....##.......
....................#.....
O................#....##..
###.#...#.#######..## .#
#.......# #..# . #.#...#.#
..... #.......# ##...#.


You could see an ogre, a hound and a quokka.

Vanquished Creatures
  4 adders
  2 oozes (D:1)
  A worm (D:2)
  2 dart slugs (D:1)
  3 giant cockroaches
  2 goblins (D:1)
  3 hobgoblins
  5 kobolds
  A quokka (D:2)
  2 ball pythons (D:1)
  4 bats (D:1)
  3 frilled lizards (D:2)
  7 rats
39 creatures vanquished.

Vanquished Creatures (others)
  A quokka (D:2)
1 creature vanquished.

Grand Total: 40 creatures vanquished

Notes
Turn   | Place    | Note
-------+----------+-------------------------------------------
     0 | D:1      | VAZYLA the Gargoyle Earth Elementalist began the quest for
                  | the Orb.
     0 | D:1      | Reached XP level 1. HP: 10/10 MP: 3/3
   270 | D:1      | Reached XP level 2. HP: 16/16 MP: 1/5
   317 | D:1      | Learned a level 2 spell: Passwall
   464 | D:1      | Reached skill level 4 in Earth Magic
   537 | D:1      | Reached skill level 1 in Fighting
   636 | D:1      | Reached XP level 3. HP: 20/20 MP: 3/6
  1076 | D:2      | Found a sparkling altar of Nemelex Xobeh.
  1222 | D:1      | Reached XP level 4. HP: 18/25 MP: 4/7
  1308 | D:1      | Learned a level 3 spell: Stone Arrow
  1760 | D:2      | You fall through a shaft for 2 floors!
  1761 | D:4      | Noticed Ijyb
  1761 | D:4      | Noticed an ogre
  1799 | D:4      | Noticed an ogre
  1828 | D:4      | Found a glowing drain.
  1871 | D:4      | Slain by an ogre

Skill      XL: |  1  2  3 |
---------------+----------+-----
Earth Magic    | 4 |  4.6
Fighting       | 1 |  1.7
Stealth        | 3 |  3.5
Dodging        | |  1.5
Spellcasting   | |  2.4
Transmutations | |  0.7

Action                   |  1- 3 |  4- 6 || total
-------------------------+-------+-------++-------
Melee: Dagger            |    51 |    43 ||    94
 Cast: Sandblast         |    28 |     7 ||    35
       Stone Arrow       |       |     4 ||     4
 Stab: Sleeping          |     2 |       ||     2
  Eat: Chunk             |     1 |     2 ||     3
Armor: Robe              |    21 |    18 ||    39
Dodge: Dodged            |    49 |    67 ||   116
